 Dungeon Crawl Stone Soup version 0.27-a0-1202-ge72e49191c (webtiles) character file.

Game seed: 6173238711564022536

1735 sanka the Magician (level 9, -1/60 HPs)
             Began as a Djinni Artificer on June 3, 2021.
             Was a Follower of Makhleb.
             Slain by a wyvern zombie (4 damage)
             ... on level 7 of the Dungeon.
             The game lasted 00:13:07 (9600 turns).

sanka the Magician (Djinni Artificer)               Turns: 9600, Time: 00:13:07

Health: -1/60      AC:  2    Str: 11    XL:     9   Next: 25%
Gold:   290        EV: 27    Int: 21    God:    Makhleb [*.....] SH:  0 Dex: 26

rFire    . . .     SeeInvis .   (weapon currently unavailable)
rCold    . . .     Faith    .   (shield currently unavailable)
rNeg     . . .     Spirit   .   (armour currently unavailable)
rPois    ∞         Reflect  .   (helmet currently unavailable)
rElec    .         Harm     .   (cloak currently unavailable)
rCorr    .         Rampage  .   (gloves currently unavailable)
Will     .....                  (boots unavailable)
Stlth    ++........             (no amulet)
HPRegen  0.20/turn              w - +6 ring of intelligence
MPRegen  0.00/turn              s - +6 ring of dexterity

@: spider-form (expiring), flying
A: venomous fangs, flying, sickness immunity, tiny, (fire resistance 2), (cold
vulnerability 1), float, innate caster, hp casting, extra vitality 1
a: End Transformation, Renounce Religion


You were on level 7 of the Dungeon.
You worshipped Makhleb.
Makhleb was aware of your devotion.
You were a venomous arachnid creature.
You visited 2 branches of the dungeon, and saw 8 of its levels.

You collected 290 gold pieces.


Innate Abilities, Weirdness & Mutations

You are a venomous arachnid creature.
You have poisonous fangs.
You are tiny and dextrous.
You are flying.
Your spellcasting is less reliable in this form.
Your armour is entirely melded.
You are incapable of wielding weapons or throwing items.
You are immune to sickness and miasma.
You are immune to poison.
((Your flesh is very heat resistant. (rF++)))
((You are vulnerable to cold. (rC-)))
You float through the air rather than walking.
You learn spells naturally, not from books.
Your magical power is your life essence.
You have superior vitality. (+4 HP)


   Skills:
 - Level 3.0 Fighting
 - Level 1.0 Armour
 + Level 6.7 Dodging
 - Level 0.7 Stealth
 - Level 7.0 Spellcasting
 - Level 3.0 Evocations


You had 12 spell levels left.
You knew the following spells:

 Your Spells              Type           Power      Damage    Failure   Level
c - Spider Form           Tmut/Pois      18%        N/A       7%          3
v - Iskenderun's Mystic   Conj/Tloc      36%        2d9       14%         4
x - Searing Ray           Conj           72%        3d6       4%          2
z - Pain                  Necr           100%       1d9       3%          1
Your spell library was empty.

Inventory:

Hand Weapons
 a - a +0 whip of venom (melded)
 b - a +0 war axe
Missiles
 k - 147 stones
 n - 19 poisoned darts
Armour
 r - a +0 leather armour (melded)
 B - a +0 helmet (melded)
 C - a scarf of shadows (melded)
 I - a +0 buckler
Magical Staves
 J - a staff of earth
Jewellery
 s - a +6 ring of dexterity (right front leg)
 w - a +6 ring of intelligence (left front leg)
Wands
 c - a wand of flame (18) (quivered)
 d - a wand of charming (28)
 x - a wand of iceblast (5)
 H - a wand of acid (11)
Scrolls
 g - 3 scrolls of teleportation {unknown}
 h - 2 scrolls of magic mapping {unknown}
 i - 2 scrolls of fear {unknown}
 j - a scroll of holy word {unknown}
 l - 6 scrolls of identify {unknown}
 m - a scroll of noise {unknown}
 o - 2 scrolls of immolation {unknown}
 u - 2 scrolls of blinking {unknown}
 v - 2 scrolls of fog {unknown}
 y - 2 scrolls of enchant weapon {unknown}
 A - a scroll of summoning {unknown}
 G - a scroll of amnesia {unknown}
Potions
 f - 3 potions of curing {@q1}
 p - 2 potions of attraction {unknown}
 q - a potion of degeneration {unknown}
 t - a potion of resistance {unknown}
 z - 2 potions of flight {unknown}
 D - 2 potions of magic {unknown}
 E - 2 potions of brilliance {unknown}
 F - a potion of cancellation {unknown}
 K - a potion of lignification {unknown}
Miscellaneous
 e - a piece from Xom's chessboard (15/15)

Dungeon Overview and Level Annotations

Branches:
Dungeon (7/15)             Temple (1/1) D:4

Altars:
Ashenzari
Cheibriados
Dithmenos
Elyvilon
Gozag
Kikubaaqudgha
Makhleb
Nemelex Xobeh
Okawaru
Qazlal
Sif Muna
Trog
Vehumet
Yredelemnul
Zin
The Shining One

▒.▒ ▒▒▒.▒
▒...▒.▒ ▒.▒.▒.▒
▒.▒.▒.▒ ▒▒▒▒▒▒▒▒
▒.▒.▒.▒
▒<..[..▒▒▒.▒.▒.▒
▒▒▒▒▒▒..sZ...▒.▒
▒▒▒▒▒▒▒...▒.▒
.......▒▒.▒.▒
▒▒▒▒▒▒.▒▒...▒
▒.▒▒▒▒▒▒ ▒.▒ ▒.▒
▒.▒ ▒.▒


You could see a wyvern zombie.


Message History

The wyvern zombie bites you! The wyvern zombie bites you!
You hit the wyvern zombie.
The wyvern zombie is moderately damaged.
The wyvern zombie misses you.
You hit the wyvern zombie but do no damage.
The wyvern zombie is moderately damaged.
The wyvern zombie misses you.
You hit the wyvern zombie.
The wyvern zombie is moderately damaged.
The wyvern zombie completely misses you.
The wyvern zombie completely misses you.
You hit the wyvern zombie.
The wyvern zombie is moderately damaged.
The wyvern zombie bites you!
* * * LOW HITPOINT WARNING * * *
You hit the wyvern zombie.
The wyvern zombie is heavily damaged.
The wyvern zombie completely misses you.
You hit the wyvern zombie.
The wyvern zombie is heavily damaged.
The wyvern zombie bites you!
* * * LOW HITPOINT WARNING * * *
The wyvern zombie completely misses you.
The wyvern zombie closely misses you.
Your transformation is almost over.
The wyvern zombie bites you!
* * * LOW HITPOINT WARNING * * *
The wyvern zombie bites you.
You die...

Action                   |  1- 3 |  4- 6 |  7- 9 || total
-------------------------+-------+-------+-------++-------
Melee: Club              |    55 |       |       ||    55
       Short sword       |    80 |       |       ||    80
       War axe           |     7 |     9 |     4 ||    20
       Whip              |       |    61 |    36 ||    97
       Unarmed           |       |       |   232 ||   232
 Cast: Pain              |     1 |    13 |     2 ||    16
       Searing Ray       |       |     1 |     2 ||     3
       Spider Form       |       |       |    22 ||    22
       Iskenderun's Myst |       |       |     1 ||     1
Evoke: Wand              |     3 |     2 |       ||     5
  Use: Potion            |       |       |     3 ||     3
 Stab: Sleeping          |     1 |     2 |     3 ||     6
       Distracted        |       |       |     1 ||     1
Armor: Leather armour    |    36 |    15 |    17 ||    68
       Skin              |       |       |    12 ||    12
Dodge: Dodged            |   100 |    39 |   355 ||   494

Levels and vault maps discovered:
D:1:      minmay_arrival_hallway, layout_basic
D:2:      layout_basic, ebering_ecumenical_altar_rust
D:3:      layout_basic
D:4:      layout_loops_cross, amethyst_overflow_temple_binary,
          minmay_temple_entry_tees, uniq_robin, uniq_sigmund
D:5:      layout_cave_pods, lemuel_coloured_pillars_altar,
          overflow_temple_1_default
D:6:      layout_basic
D:7:      layout_basic, regret_index_temple_of_mockery
Temple:   minmay_temple_forest_path

Notes
Turn   | Place    | Note
-------+----------+-------------------------------------------
     0 | D:1      | sanka the Djinni Artificer began the quest for the Orb.
     0 | D:1      | Reached XP level 1. HP: 17/17 MP: 0/0
   604 | D:1      | Reached skill level 2 in Fighting
   604 | D:1      | Reached XP level 2. HP: 17/23 MP: 0/0
  1328 | D:1      | Reached XP level 3. HP: 19/29 MP: 0/0
  1328 | D:1      | Learned a level 1 spell: Pain
  1738 | D:1      | Reached skill level 3 in Fighting
  2505 | D:2      | Found a faded altar of an unknown god.
  2517 | D:2      | Reached skill level 1 in Spellcasting
  2517 | D:2      | Reached XP level 4. HP: 33/35 MP: 0/0
  3388 | D:3      | Noticed a scorpion
  3446 | D:3      | Killed a scorpion
  3447 | D:3      | Reached skill level 2 in Spellcasting
  3447 | D:3      | Reached XP level 5. HP: 40/40 MP: 0/0
  3447 | D:3      | Learned a level 2 spell: Searing Ray
  3760 | D:4      | Noticed Sigmund
  3762 | D:4      | Killed Sigmund
  3763 | D:4      | Reached skill level 3 in Spellcasting
  3763 | D:4      | Reached XP level 6. HP: 46/46 MP: 0/0
  3815 | D:4      | Reached skill level 4 in Spellcasting
  4277 | D:4      | Reached XP level 7. HP: 38/50 MP: 0/0
  4277 | D:4      | Learned a level 3 spell: Spider Form
  4411 | D:4      | Found a staircase to the Ecumenical Temple.
  4441 | D:4      | HP: 5/50 [goblin/+0 club[Robin] (3)]
  4446 | D:4      | Noticed Robin
  4446 | D:4      | HP: 2/50 [goblin/+0 club[Robin] (4)]
  4472 | Temple   | Entered the Ecumenical Temple
  5083 | Temple   | Became a worshipper of Makhleb the Destroyer
  5142 | D:4      | Killed Robin
  5165 | D:4      | Reached skill level 5 in Spellcasting
  6085 | D:4      | Found a glowing silver altar of Zin.
  6167 | D:5      | Entered Level 5 of the Dungeon
  6196 | D:4      | Reached XP level 8. HP: 33/56 MP: 0/0
  6427 | D:5      | Reached skill level 6 in Spellcasting
  7169 | D:5      | Reached * piety under Makhleb
  7396 | D:5      | Found a shadowy altar of Dithmenos.
  7953 | D:5      | Found a glowing golden altar of the Shining One.
  8204 | D:6      | Reached skill level 3 in Dodging
  8356 | D:6      | Reached skill level 7 in Spellcasting
  8536 | D:6      | Reached skill level 4 in Dodging
  8731 | D:6      | Reached XP level 9. HP: 44/60 MP: 0/0
  8731 | D:6      | Learned a level 4 spell: Iskenderun's Mystic Blast
  8829 | D:6      | Reached skill level 5 in Dodging
  9219 | D:6      | Reached skill level 6 in Dodging
  9593 | D:7      | HP: 4/60 [wyvern zombie (15)]
  9600 | D:7      | HP: 3/60 [wyvern zombie (8)]
  9600 | D:7      | Slain by a wyvern zombie

Vanquished Creatures
  Sigmund (D:4)
  A water moccasin (D:6)
  An orc warrior (D:6)
  An ogre (D:4)
  A black bear (D:4)
  2 centaurs
  A kobold brigand (D:6)
  A bullfrog (D:6)
  6 scorpions
  A water moccasin skeleton (D:6)
  A bullfrog zombie (D:5)
  4 orc priests
  A hound (D:4)
  A centaur skeleton (D:6)
  2 iguanas
  3 orc wizards
  A hound skeleton (D:4)
  Robin (D:4)
  4 adders
  An ufetubus (D:4)
  2 dart slugs
  13 orcs
  A bat (D:3)
  4 endoplasms
  A giant cockroach (D:3)
  10 goblins
  7 hobgoblins
  10 jackals (D:1)
  5 quokkas
  8 ball pythons
  3 frilled lizards
  11 kobolds
  7 rats
117 creatures vanquished.
